 Dungeon Crawl Stone Soup version 0.28-a0-863-g8cecda6153 (webtiles) character file.

Game seed: 994045539752612858

604 ytrimaz the Chopper (level 7, 0/55 HPs)
             Began as a Formicid Fighter on Nov 17, 2021.
             Slain by a water moccasin (6 damage)
             ... on level 5 of the Dungeon.
             The game lasted 00:04:20 (4230 turns).

ytrimaz the Chopper (Formicid Fighter)              Turns: 4230, Time: 00:04:20

Health: 0/55       AC:  8    Str: 23    XL:     7   Next: 70%
Magic:  7/7        EV:  9    Int:  7    God:
Gold:   91         SH:  4    Dex: 10    Spells: 6/6 levels left

rFire   . . .      SeeInvis +   a - +1 war axe
rCold   . . .      Faith    .   c - +0 buckler
rNeg    . . .      Spirit   .   b - +0 scale mail
rPois   .          Reflect  .   (helmet unavailable)
rElec   .          Harm     .   (no cloak)
rCorr   .          Rampage  .   (no gloves)
Will    .....                   (no boots)
Stlth   ..........              (no amulet)
HPRegen 0.18/turn               (no ring)
MPRegen 0.10/turn               (no ring)

@: lethally poisoned (0 -> -10)
A: permanent stasis, dig shafts and tunnels, antennae 3, four strong arms,
shaggy fur 1
a: Dig, Shaft Self


You were on level 5 of the Dungeon.
You visited 1 branch of the dungeon, and saw 5 of its levels.

You collected 196 gold pieces.
You spent 105 gold pieces at shops.

Inventory:

Hand Weapons
 a - a +1 war axe (weapon)
Missiles
 i - 27 poisoned darts
Armour
 b - a +0 scale mail (worn)
 c - a +0 buckler (worn)
Jewellery
 g - a +6 ring of intelligence
Wands
 j - a wand of flame (20)
Scrolls
 d - a scroll of silence
 f - 2 scrolls of identify
 h - a scroll of enchant armour
 k - a scroll of magic mapping
Potions
 e - a potion of attraction
 l - 2 potions of curing {unknown}


   Skills:
 + Level 4.4 Fighting
 * Level 6.8 Axes
 + Level 4.8 Armour
 - Level 3.6 Shields


You had 6 spell levels left.
You didn't know any spells.
Your spell library was empty.

Dungeon Overview and Level Annotations

Branches:
Dungeon (5/15)
 Temple: D:4-7

Altars:
Gozag
Nemelex Xobeh
Zin

Shops:
D:3 ?


Innate Abilities, Weirdness & Mutations

You cannot be hasted, slowed, berserked, paralysed or teleported.
You can dig through walls and to a lower floor.
You have a pair of large antennae on your head. (SInv)
Your four strong arms can wield two-handed weapons with a shield.
You are covered in fur. (AC +1)


Message History

You barely miss the water moccasin.
The water moccasin is moderately wounded.
The water moccasin bites you.
You are poisoned.
The water moccasin poisons you!
You slash the water moccasin!
The water moccasin is heavily wounded.
You feel very sick. The water moccasin bites you. x2
Your scale mail prevents you from hitting the water moccasin.
The water moccasin is heavily wounded.
You feel very sick. The water moccasin barely misses you.
You block the iguana's attack.
Your scale mail prevents you from hitting the water moccasin.
The water moccasin is heavily wounded.
You slash the iguana!
You feel sick. You block the water moccasin's attack.
The water moccasin bites you. The iguana bites you.
You are too injured to fight recklessly!
You are too injured to fight recklessly!
You are too injured to fight recklessly!
You are too injured to fight recklessly!
You are too injured to fight recklessly!
You are too injured to fight recklessly!
You are too injured to fight recklessly!
You are too injured to fight recklessly!
You are too injured to fight recklessly!
You are too injured to fight recklessly!
Unknown command.
You feel sick.
You feel sick. The iguana closely misses you. The water moccasin bites you!
* * * LOW HITPOINT WARNING * * *
You are lethally poisoned!
The water moccasin poisons you!
* * * LOW HITPOINT WARNING * * *
You feel very sick.
* * * LOW HITPOINT WARNING * * *
You feel very sick.
* * * LOW HITPOINT WARNING * * *
You feel sick. The water moccasin bites you.
You die...

##...<.........
#............#
#............#
#...........#
#.........#
######..l{..###
........#####
######.S# ##@##
##.####
##.....#
#......#
##......#
#......##
#......#
#....#.#####
#....###.##.##


You could see a water moccasin and an iguana.

Vanquished Creatures
  A centaur (D:4)
  2 ogres (D:4)
  Blork the orc (D:4)
  A scorpion (D:5)
  A centaur skeleton (D:4)
  An orc wizard (D:3)
  5 adders
  A howler monkey skeleton (D:4)
  3 adder skeletons (D:4)
  2 worms (D:2)
  2 dart slugs
  17 orcs
  12 endoplasms
  2 giant cockroaches
  4 goblins
  5 hobgoblins
  10 kobolds
  4 quokkas
  6 ball pythons
  6 bats
  A frilled lizard (D:1)
  3 rats
90 creatures vanquished.

Vanquished Creatures (others)
  11 plants (D:1)
11 creatures vanquished.

Grand Total: 101 creatures vanquished

Notes
Turn   | Place    | Note
-------+----------+-------------------------------------------
     0 | D:1      | ytrimaz the Formicid Fighter began the quest for the Orb.
     0 | D:1      | Reached XP level 1. HP: 18/18 MP: 1/1
    87 | D:1      | Reached XP level 2. HP: 21/24 MP: 2/2
   591 | D:1      | Reached XP level 3. HP: 27/29 MP: 3/3
  1101 | D:2      | Reached skill level 3 in Axes
  1110 | D:2      | Found a glowing silver altar of Zin.
  1152 | D:2      | Reached XP level 4. HP: 23/37 MP: 4/4
  1864 | D:2      | Gained mutation: You are covered in fur. (AC +1) [potion of
                  | mutation]
  1937 | D:3      | Reached skill level 4 in Axes
  1937 | D:3      | Reached XP level 5. HP: 42/42 MP: 5/5
  2381 | D:3      | Found Fiuwuak's Magic Scroll Emporium.
  2390 | D:3      | Bought a scroll of enchant armour for 105 gold pieces
  2702 | D:4      | Noticed Blork the orc
  2705 | D:4      | Noticed an ogre
  2709 | D:4      | Killed Blork the orc
  2710 | D:4      | Reached skill level 5 in Axes
  2710 | D:4      | Reached XP level 6. HP: 38/48 MP: 6/6
  2711 | D:4      | Killed an ogre
  3047 | D:4      | Reached skill level 6 in Axes
  3047 | D:4      | Reached XP level 7. HP: 26/54 MP: 7/7
  3898 | D:4      | Found a sparkling altar of Nemelex Xobeh.
  3898 | D:4      | Found an opulent altar of Gozag.
  4061 | D:5      | Entered Level 5 of the Dungeon
  4217 | D:5      | Noticed a water moccasin
  4230 | D:5      | Slain by a water moccasin

Illustrated notes

Levels and vault maps discovered:
D:1:      tarquinn_simple_flora_water_d, layout_rooms, serial_bayou_lagoon_a,
          minivault_24, chequers_jeans
D:2:      layout_basic, basic_altar, grunt_decor_cap, minmay_misc_feat_five
D:3:      layout_loops_ring, serial_shops, shop
D:4:      layout_loops_ring, grunt_temple_overflow_opulence, item_on_display_a,
          uniq_blork_the_orc
D:5:      layout_cave_pods, lightli_temple_of_fire,
          nicolae_ossuary_entry_monument

Skill      XL: |  1  2  3  4  5  6 |
---------------+-------------------+-----
Axes           | 3 4 5 6 |  6.8
Armour         | 4 |  4.8
Fighting       | 4 |  4.4
Shields        | |  3.6

Action                   |  1- 3 |  4- 6 |  7- 9 || total
-------------------------+-------+-------+-------++-------
Melee: War axe           |    79 |    86 |    44 ||   209
  Use: Scroll            |     4 |     1 |     2 ||     7
       Potion            |       |     4 |       ||     4
Armor: Scale mail        |    38 |    41 |     7 ||    86
Dodge: Dodged            |    34 |    28 |    19 ||    81
Block: Buckler           |    22 |    17 |    12 ||    51

Table legend: (Time is in decaauts)
 A = Elapsed time spent in this place.
 B = Non-inter-level travel time spent in this place.
 C = Inter-level travel time spent in this place.
 D = Time resting spent in this place.
 E = Time spent auto-exploring this place.
 F = Levels seen in this place.
 G = Mean time per level.
                   A        B        C        D        E       F      G
               +--------+--------+--------+--------+--------+-----+--------+
         Total |   4303 |   4209 |     94 |    382 |   3220 |   5 |  860.6 |
       Dungeon |   4303 |   4209 |     94 |    382 |   3220 |   5 |  860.6 |
               +--------+--------+--------+--------+--------+-----+--------+

Top non-repeatable levels by time:
     D:4: 1371 daAuts
     D:2: 1018 daAuts
     D:1: 917 daAuts
     D:3: 825 daAuts
     D:5: 170 daAuts
